 Dungeon Crawl Stone Soup version 0.20.1-1-g8b1a95d (webtiles) character file.

163 WiZmei the Shield-Bearer (level 5, -2/46 HPs)
             Began as a Hill Orc Fighter on Nov 29, 2017.
             Killed from afar by an orc wizard (6 damage)
             ... with a magic dart
             ... on level 2 of the Dungeon.
             The game lasted 00:08:29 (2015 turns).

WiZmei the Shield-Bearer (Hill Orc Fighter)         Turns: 2015, Time: 00:08:30

Health: -2/46      AC:  7    Str: 20    XL:     5   Next: 44%
Magic:  5/5        EV:  8    Int:  8    God:
Gold:   133        SH:  9    Dex: 10    Spells: 4/4 levels left

rFire    . . .     SeeInvis .   o - +0 war axe
rCold    . . .     Gourm    +   c - +0 shield
rNeg     . . .     Faith    .   b - +0 scale mail
rPois    .         Spirit   .   (no helmet)
rElec    .         Reflect  .   (no cloak)
rCorr    .         Harm     .   (no gloves)
MR       .....                  (no boots)
Stlth    +.........             p - amulet of the gourmand
Regen    0.2/turn               i - ring of stealth
MPRegen  0.1/turn               (no ring)

@: no status effects
A: no striking features
a: no special abilities


You were on level 2 of the Dungeon.
You were full.

You visited 1 branch of the dungeon, and saw 3 of its levels.

You collected 133 gold pieces.

Inventory:

Hand Weapons
 o - a +0 war axe (weapon)
Missiles
 e - 2 throwing nets (quivered)
Armour
 b - a +0 scale mail (worn)
 c - a +0 shield (worn)
Jewellery
 i - a ring of stealth (left hand)
 p - an amulet of the gourmand (around neck)
Scrolls
 j - 2 scrolls of identify
 l - a scroll of teleportation {unknown}
 m - a scroll of enchant weapon {unknown}
 n - a scroll of remove curse {unknown}
Potions
 d - a potion of might
Comestibles
 a - 4 chunks of flesh
 f - 3 bread rations
 g - a meat ration
 h - a royal jelly


   Skills:
 + Level 4.1 Fighting
   Level 2.8 Long Blades
 + Level 2.4 Axes
 + Level 4.1 Armour
 + Level 1.2 Dodging
 + Level 0.1 Stealth
 + Level 4.3 Shields


You had 4 spell levels left.
You didn't know any spells.

Dungeon Overview and Level Annotations

Branches:
Dungeon (3/15)

Altars:
Elyvilon


Message History

You closely miss something. Something hits you but does no damage.
Something hits you.
* * * LOW HITPOINT WARNING * * *
You closely miss something. Something hits you but does no damage.
You completely miss something.
Something hits you but does no damage. x2
You miss something. Something hits you but does no damage.
You miss something. You block something's attack.
You hit something.
Something hits you but does no damage. x2
You miss something. Something hits you but does no damage.
You completely miss something.
Your shield prevents you from hitting the ooze.
Something hits you but does no damage. The ooze hits you but does no damage.
Something hits you but does no damage.
You completely miss something. You hit the ooze. You block the ooze's attack.
Something hits you but does no damage. The ooze hits you but does no damage.
You miss something. You hit the ooze but do no damage.
You hear some strange, mumbled words.
A magic dart appears from out of thin air!
The magic dart hits you!
You die...

##.##..######.## #.......
#...#..### #..########.......
#...#....# ##..##...##.......
#...#J##.# ##.#.....#.......
##.##....####
#...............
#....#.....###...............
######.###..###..............
#.......J...#.............
#......({@#............###
#.........#........#...###
#.......>.#........#......
#.........###....)....##..
###...#######....###..##..
#...........######..##..
#...##..................
##.#.............###.##..
#..##..#######...# #.##..


You could see an ooze.

Vanquished Creatures
  A bullfrog skeleton (D:3)
  An orc wizard (D:2)
  4 adders
  2 oozes
  3 worms
  3 dart slugs (D:1)
  3 leopard geckos
  6 bats
  3 giant cockroaches (D:1)
  A goblin (D:2)
  8 hobgoblins
  A jackal (D:3)
  6 kobolds
  A quokka (D:2)
  3 frilled lizards
  5 rats
  A bush (D:2)
52 creatures vanquished.

Notes
Turn   | Place    | Note
-------+----------+-------------------------------------------
     0 | D:1      | WiZmei the Hill Orc Fighter began the quest for the Orb.
     0 | D:1      | Reached XP level 1. HP: 19/19 MP: 1/1
   134 | D:1      | Reached XP level 2. HP: 21/27 MP: 2/2
   235 | D:1      | Reached XP level 3. HP: 33/33 MP: 3/3
   709 | D:2      | Found a white marble altar of Elyvilon.
  1016 | D:2      | Reached XP level 4. HP: 16/40 MP: 4/4
  1303 | D:2      | Reached skill level 1 in Axes
  1382 | D:3      | Reached skill level 1 in Dodging
  1542 | D:2      | Reached XP level 5. HP: 6/46 MP: 5/5
  2006 | D:2      | HP: 2/46 [something (2)]
  2015 | D:2      | Killed from afar by an orc wizard

Skill      XL: |  1  2  3  4 |
---------------+-------------+-----
Fighting       | 4 |  4.1
Armour         | 4 |  4.1
Axes           | 2 |  2.4
Dodging        | 1 |  1.2
Shields        | 4 |  4.3
Long Blades    | |  2.8
Stealth        | |  0.1

Action                   |  1- 3 |  4- 6 || total
-------------------------+-------+-------++-------
Melee: Long sword        |    60 |       ||    60
       War axe           |   110 |   123 ||   233
  Use: Scroll            |     2 |       ||     2
       Potion            |       |     3 ||     3
  Eat: Chunk             |     3 |     9 ||    12
Armor: Scale mail        |    62 |   106 ||   168
Dodge: Dodged            |    45 |    35 ||    80
Block: Shield            |    66 |    69 ||   135
       Rpst.: Long sword |     9 |       ||     9
